 Dungeon Crawl Stone Soup version 0.29.1-1-gd02db6906a (webtiles) character file.

Game seed: 2000237146846669709

548 sankara the Chopper (level 7, -2/61 HPs)
             Began as a Minotaur Fighter on Oct 11, 2022.
             Was an Initiate of Elyvilon.
             Slain by a sky beast (6 damage)
             ... on level 7 of the Dungeon.
             The game lasted 00:05:20 (3855 turns).

sankara the Chopper (Minotaur Fighter)              Turns: 3855, Time: 00:05:20

Health: -2/61      AC:  9    Str: 21    XL:     7   Next: 7%
Magic:  4/6        EV:  7    Int:  5    God:    Elyvilon [......]
Gold:   295        SH:  5    Dex: 11    Spells: 6/6 levels left

rFire   . . .      SeeInvis .   a - +0 war axe
rCold   . . .      Faith    .   c - +0 buckler
rNeg    . . .      Spirit   .   t - +0 chain mail
rPois   .          Reflect  .   (helmet restricted)
rElec   .          Harm     .   (no cloak)
rCorr   .          Rampage  .   (no gloves)
Will    .....                   (no boots)
Stlth   ..........              (no amulet)
HPRegen 0.20/turn               (no ring)
MPRegen 0.10/turn               (no ring)

@: no status effects
A: horns 2, retaliatory headbutt
a: Renounce Religion


You were on level 7 of the Dungeon.
You worshipped Elyvilon.
Elyvilon was noncommittal.
You visited 1 branch of the dungeon, and saw 6 of its levels.

You collected 295 gold pieces.

Inventory:

Hand Weapons
 a - a +0 war axe (weapon)
 r - a +0 hand axe of holy wrath
Missiles
 o - 9 poisoned darts (quivered)
 p - 17 stones
 s - 3 boomerangs
Armour
 b - a +0 scale mail
 c - a +0 buckler (worn)
 t - a +0 chain mail (worn)
Scrolls
 e - 6 scrolls of identify {unknown}
 f - a scroll of immolation {unknown}
 i - a scroll of silence {unknown}
 j - 2 scrolls of enchant weapon {unknown}
 k - 5 scrolls of poison {unknown}
 m - a scroll of amnesia {unknown}
 q - 3 scrolls of vulnerability {unknown}
 u - a scroll of fog {unknown}
 v - a scroll of teleportation {unknown}
Potions
 d - 2 potions of might
 g - 2 potions of curing {unknown}
 h - a potion of berserk rage {unknown}
 l - a potion of degeneration {unknown}
 n - a potion of mutation {unknown}
 w - a potion of heal wounds {unknown}


   Skills:
 + Level 5.5 Fighting
 * Level 6.3 Axes
 + Level 5.4 Armour
 - Level 5.0 Shields


You had 6 spell levels left.
You didn't know any spells.
Your spell library contained the following spells:

 Spells                   Type           Power      Damage    Failure   Level
 Sandblast                Erth           0%         2d4       99%         1
 Passwall                 Tmut/Erth      0%         N/A       100%        2
 Gell's Gravitas          Tloc           0%         N/A       100%        3
 Lesser Beckoning         Tloc           0%         N/A       100%        3
 Stone Arrow              Conj/Erth      0%         3d7       100%        3
 Teleport Other           Tloc           0%         N/A       100%        3
 Corpse Rot               Necr/Pois/Air  0%         N/A       100%        4
 Dispel Undead            Necr           0%         3d6       100%        4
 Death Channel            Necr           0%         N/A       100%        6


Dungeon Overview and Level Annotations

Branches:
Dungeon (7/15)             Temple (0/1) D:5

Altars:
Elyvilon
Hepliaklqana
Makhleb
Sif Muna
Wu Jian
Xom

Shops:
D:4 =

Annotations:
D:3 3 runed translucent doors, diceflayer's ghost, weakling NaFi


Innate Abilities, Weirdness & Mutations

You have a pair of horns on your head.
You reflexively headbutt those who attack you in melee.


Message History

You closely miss the sky beast.
The sky beast is heavily wounded.
The sky beast barely misses you.
You hit the sky beast.
The sky beast is severely wounded.
The sky beast hits you but does no damage.
The sky beast flickers out of sight!
Deactivating autopickup; reactivate with Ctrl-A.
Something hits you but does no damage.
No target in view!
No target in view!
No target in view!
You miss something. Something hits you but does no damage.
You miss something. Your headbutt misses something.
A sky beast appears from thin air!
Reactivating autopickup.
You block the sky beast's attack.
You closely miss the sky beast. Your headbutt misses the sky beast.
The sky beast is severely wounded.
The sky beast hits you. The sky beast shocks you.
You barely miss the sky beast. Your headbutt misses the sky beast.
The sky beast is severely wounded.
The sky beast flickers out of sight!
Deactivating autopickup; reactivate with Ctrl-A.
Something hits you but does no damage.
You closely miss something. Something hits you. Something shocks you.
Something hits you but does no damage.
You barely miss something. Your headbutt misses something. Something hits you.
Something shocks you.
* * * LOW HITPOINT WARNING * * *
You miss something. Something hits you.
* * * LOW HITPOINT WARNING * * *
Something shocks you.
* * * LOW HITPOINT WARNING * * *
You miss something. Your headbutt misses something.
You block something's attack.
You miss something. Something hits you.
* * * LOW HITPOINT WARNING * * *
Something shocks you.
You die...

#..........##...
#...............
#..........#....
#..............
#..##...?..###
#..##.#.##...#
##.#...#†####.####..
#####..#.##.............
.............)).@{#..
...................[....
........................
................$.......
........................
......<.................
..................#.....
........................
.............


There were no monsters in sight!

Vanquished Creatures
  An ogre (D:5)
  A phantom (D:7)
  A bullfrog (D:7)
  2 hounds
  A crimson imp (D:4)
  A jelly (D:4)
  2 orc wizards
  Robin (D:2)
  2 adders
  3 white imps
  An ufetubus (D:4)
  3 worms
  3 dart slugs
  10 orcs
  6 ball pythons
  6 endoplasms
  3 giant cockroaches (D:4)
  10 goblins
  7 hobgoblins
  4 kobolds
  3 quokkas
  8 bats
  A frilled lizard (D:1)
  4 rats
84 creatures vanquished.

Vanquished Creatures (others)
  2 fungi (D:3)
  2 plants (D:3)
4 creatures vanquished.

Grand Total: 88 creatures vanquished

Notes
Turn   | Place    | Note
-------+----------+-------------------------------------------
     0 | D:1      | sankara the Minotaur Fighter began the quest for the Orb.
     0 | D:1      | Reached XP level 1. HP: 19/19 MP: 0/0
   336 | D:1      | Found a faded altar of an unknown god.
   379 | D:1      | Prayed at the altar of an unknown god.
   379 | D:1      | Became a worshipper of Sif Muna the Loreminder
   379 | D:1      | Reached * piety under Sif Muna
   439 | D:1      | Reached XP level 2. HP: 27/27 MP: 1/1
   981 | D:2      | Reached skill level 3 in Axes
  1188 | D:2      | Reached XP level 3. HP: 33/33 MP: 2/2
  1224 | D:2      | Noticed Robin
  1227 | D:2      | Reached ** piety under Sif Muna
  1234 | D:2      | Killed Robin
  1847 | D:3      | Reached XP level 4. HP: 40/40 MP: 3/3
  1911 | D:3      | Reached skill level 4 in Axes
  1948 | D:3      | Reached XP level 5. HP: 6/47 MP: 4/4
  2393 | D:3      | Found a runed translucent gate.
  2398 | D:3      | Found a runed translucent gate.
  2398 | D:3      | Found a runed translucent gate.
  2400 | D:3      | Noticed diceflayer's ghost (weakling NaFi)
  2725 | D:4      | Reached skill level 5 in Axes
  2837 | D:4      | Found Amomeor's Jewellery Shoppe.
  2915 | D:4      | Found a hazy altar of Hepliaklqana.
  2980 | D:4      | Found a white marble altar of Elyvilon.
  3383 | D:4      | Fell from the grace of Sif Muna
  3383 | D:4      | Became a worshipper of Elyvilon the Healer
  3406 | D:5      | Entered Level 5 of the Dungeon
  3406 | D:5      | Found a burning altar of Makhleb.
  3408 | D:5      | Found a shimmering altar of Xom.
  3409 | D:5      | Identified the +2 robe "Vuuck" {Dex+5}
  3435 | D:5      | Found an ornate altar of the Wu Jian Council.
  3449 | D:5      | Found a staircase to the Ecumenical Temple.
  3459 | D:5      | Reached skill level 5 in Fighting
  3459 | D:5      | Reached XP level 6. HP: 56/56 MP: 5/5
  3482 | D:5      | Reached skill level 5 in Shields
  3487 | D:5      | Reached skill level 5 in Armour
  3792 | D:5      | You fall into a shaft and drop 2 floors!
  3833 | D:7      | Reached skill level 6 in Axes
  3837 | D:7      | Reached XP level 7. HP: 37/61 MP: 1/6
  3855 | D:7      | Slain by a sky beast

Illustrated notes

Levels and vault maps discovered:
D:1:      eino_arrival_water_star, layout_loops_corners,
          ebering_ecumenical_altar_petrified
D:2:      layout_loops_ring, uniq_robin
D:3:      layout_rooms, gammafunk_ghost_nasty_kobolds
D:4:      layout_basic, mainiacjoe_overflow_cross_hatched,
          mainiacjoe_overflow_paths, serial_shops, shop, minmay_misc_feat_doors,
          minmay_fire_ice_demons
D:5:      layout_loops_ring, nicolae_overflow_crystal_walls, bloody_makhleb,
          nzn_wu_jian_council_hall, minmay_temple_entry_drinking_statues
D:7:      layout_rooms, trog_hazing_becter, nicolae_tso_besieged_by_evil,
          mainiacjoe_overflow_brackets

Skill      XL: |  1  2  3  4  5  6 |
---------------+-------------------+-----
Axes           | 3 4 5 6 |  6.3
Shields        | 4 5 |  5.0
Fighting       | 4 5 |  5.5
Armour         | 4 5 |  5.4

Action                   |  1- 3 |  4- 6 |  7- 9 || total
-------------------------+-------+-------+-------++-------
Melee: War axe           |    70 |   104 |    13 ||   187
       Headbutt          |    11 |    11 |     2 ||    24
Armor: Scale mail        |    37 |    27 |       ||    64
       Chain mail        |       |    34 |     6 ||    40
Dodge: Dodged            |    37 |    35 |     2 ||    74
Block: Buckler           |    13 |    20 |     2 ||    35
